cohdb
Replays
Latest Replays
All Replays
Popular Replays
Top Player Replays
Match Explorer
How It Works
Community
CoH3 Stats
Reddit
Sign in to upload your games and track your stats! →
Sign in with Steam
Match 41009147
Unlisted
Match 41009147
Overview
Messages
Build Orders
End
Kettenkrad Recon Vehicle
Construct Infanterie Kompanie
Selects Terror Battlegroup
Selects Machine Gun Camouflage
Grenadier Squad
Grenadier Squad
MG 42 Machine Gun Team
Grenadier Squad
Construct Luftwaffe Kompanie
Support Elements
Pioneer Squad
Wirbelwind Flakpanzer
Medical Station
Marder III M Tank Destroyer
Selects No Quarter
Construct Panzer Kompanie
MG 42 Machine Gun Team
MG 42 Bunker
Marder III M Tank Destroyer
Side Skirts
MZMZ
jerjawe
VeeDemo
Toucan Empire
0
0
Comments
sign in to comment!
No comments posted yet!